Map: Acropolis LE

Players

RiSky - Winner!

  • Race: Zerg Zerg
  • Spawn Location: 5:00

Creed

  • Race: Terran Terran
  • Spawn Location: 11:00

Event: 2019 WCS Summer

VOD

Have the link to the VOD?

Description

Time

  • Played on: July 12, 2019, 6:24 a.m.
  • Length: 11:27

All games in this series

Show
View Real Time Build Order
Export as new Build Order

RiSky Zerg - Winner!

Build Orders: Hatch First, Swarm Host 

Get SALT Encoding   

  12  0:09  Drone  
  12  0:12  Overlord  
  13  0:16  Drone  
  14  0:30  Drone  
  14  0:31  Drone  
  16  0:48  Hatchery  
  15  0:51  Drone  
  15  0:55  Drone  
  17  1:03  Drone  
  18  1:09  Extractor  
  17  1:17  Drone, Spawning Pool  
  17  1:24  Drone  
  18  1:35  Drone  
  19  1:46  Drone  
  20  1:56  Overlord  
  20  2:03  Queen x2  
  20  2:06  Zergling x2  
  25  2:09  Zergling x2  
  25  2:10  Metabolic Boost  
  25  2:12  Drone  
  27  2:19  Drone  
  27  2:22  Drone  
  29  2:29  Drone  
  30  2:34  Drone  
  31  2:39  Queen, Overlord  
  33  2:44  Drone  
  33  2:51  Drone  
  35  2:58  Drone  
  36  3:03  Drone  
  37  3:07  Hatchery  
  37  3:08  Drone  
  37  3:13  Drone  
  37  3:15  Drone x3  
  37  3:18  Drone, Overlord  
  43  3:20  Drone  
  43  3:22  Drone  
  44  3:33  Spore Crawler  
  43  3:34  Drone  
  43  3:36  Queen x2  
  43  3:39  Drone  
  49  3:42  Drone  
  49  3:46  Drone  
  52  3:51  Overlord  
  52  3:52  Overlord  
  52  4:07  Overlord  
  52  4:10  Zergling x4  
  52  4:11  Zergling x4  
  52  4:13  Overlord  
  52  4:14  Queen  
  58  4:18  Queen  
  58  4:20  Drone x2  
  58  4:21  Lair  
  58  4:23  Drone  
  63  4:26  Drone, Extractor  
  63  4:30  Drone, Baneling Nest  
  63  4:33  Drone  
  63  4:36  Spore Crawler  
  63  4:37  Drone  
  64  4:39  Spore Crawler  
  64  4:40  Drone, Spore Crawler  
  64  4:41  Drone  
  64  4:46  Drone  
  64  4:48  Overlord  
  64  4:49  Drone x2  
  64  4:50  Zergling x4, Queen  
  71  4:56  Overlord  
  71  4:59  Queen  
  73  5:05  Drone x2  
  73  5:06  Drone x2  
  76  5:07  Drone x2  
  76  5:09  Drone  
  79  5:14  Drone  
  79  5:15  Drone  
  79  5:17  Drone  
  79  5:18  Drone, Extractor  
  79  5:19  Overlord  
  80  5:23  Zergling x2  
  80  5:26  Zergling x2  
  80  5:27  Zergling x6  
  81  5:30  Zergling x6  
  81  5:31  Zergling x2  
  78  5:47  Drone  
  76  5:53  Drone x6  
  82  6:00  Extractor  
  82  6:01  Extractor  
  82  6:02  Drone x2  
  82  6:03  Roach Warren  
  82  6:04  Drone x3  
  83  6:05  Infestation Pit, Evolution Chamber  
  83  6:06  Drone  
  83  6:13  Drone  
  83  6:14  Drone  
  83  6:15  Drone  
  82  6:21  Zergling x2, Hatchery  
  82  6:24  Overseer  
  78  6:26  Zergling x4  
  78  6:28  Drone  
  78  6:29  Drone  
  78  6:32  Overlord  
  82  6:33  Drone  
  82  6:34  Drone x2, Zerg Missile Weapons Level 1  
  82  6:37  Extractor  
  84  6:41  Baneling, Drone x2  
  84  6:45  Drone x3, Glial Reconstitution  
  89  6:50  Overlord  
  89  6:55  Drone, Overlord  
  89  6:56  Drone  
  89  6:57  Roach  
  89  6:59  Roach  
  89  7:00  Roach  
  97  7:01  Roach x2  
  97  7:02  Roach x2  
  97  7:05  Roach  
  107  7:09  Roach x3  
  115  7:15  Roach  
  115  7:16  Roach  
  115  7:22  Roach x3  
  121  7:32  Overlord  
  121  7:36  Overlord  
  118  7:47  Drone x10  
  118  7:51  Drone, Overseer  
  129  7:57  Swarm Host  
  132  7:59  Overlord x2, Swarm Host  
  132  8:00  Swarm Host x4  
  132  8:03  Swarm Host  
  150  8:10  Extractor  
  148  8:15  Swarm Host  
  148  8:18  Swarm Host x2  
  148  8:19  Swarm Host x3  
  166  8:22  Overlord  
  166  8:32  Overlord x2  
  166  8:34  Zerg Missile Weapons Level 2  
  163  8:36  Extractor, Spine Crawler  
  163  8:37  Swarm Host x2  
  163  8:38  Overlord  
  165  8:44  Zergling x18  
  164  8:53  Roach x2  
  164  8:54  Roach x2  
  164  8:59  Roach x4  
  164  9:01  Roach x2  
  174  9:03  Nydus Network  
  171  9:12  Overlord  
  164  9:18  Roach x8  
  164  9:24  Roach x2  
  176  9:25  Roach  
  174  9:31  Overlord  
  174  9:36  Overlord  
  174  9:42  Overlord  
  174  9:43  Nydus Canal  
  172  9:46  Drone x2  
  172  9:48  Zergling x16  
  172  9:49  Baneling Nest  
  179  9:53  Roach  
  179  9:54  Roach x2  
  179  9:56  Roach x3  
  177  10:00  Queen  
  177  10:06  Roach x3  
  185  10:13  Roach x4  
  193  10:20  Nydus Canal  
  182  10:48  Roach x16  
  182  10:49  Spire, Nydus Canal  
  166  10:51  Zergling x2  
  166  10:52  Zergling x40  
  183  10:59  Ravager x6  
  183  11:00  Ravager x10  
Show
View Real Time Build Order
Export as new Build Order

Creed Terran 

Build Orders: Reaper Expand, Hellion Banshee 

Get SALT Encoding   

  12  0:00  SCV  
  13  0:12  SCV  
  14  0:17  Supply Depot  
  14  0:24  SCV  
  15  0:39  SCV  
  15  0:41  Barracks  
  16  0:45  Refinery  
  16  0:51  SCV  
  17  1:03  SCV  
  18  1:15  SCV  
  19  1:27  Reaper  
  19  1:28  Orbital Command  
  20  1:39  Command Center  
  20  1:48  Supply Depot  
  20  1:53  SCV  
  21  1:59  Marine  
  22  2:05  SCV  
  23  2:08  Factory  
  23  2:13  Refinery  
  23  2:17  SCV  
  23  2:22  Barracks Reactor  
  24  2:29  SCV  
  25  2:42  SCV  
  26  2:53  Orbital Command  
  26  2:54  SCV, Starport  
  27  3:05  Barracks Tech Lab  
  27  3:06  SCV  
  27  3:09  Hellion x2  
  32  3:16  Supply Depot  
  32  3:18  SCV  
  32  3:19  SCV  
  34  3:30  SCV  
  34  3:31  SCV  
  34  3:32  Hellion x2  
  40  3:43  Viking  
  40  3:44  SCV x2, Supply Depot  
  44  3:54  Hellion  
  44  3:55  Hellion  
  48  3:56  SCV x2  
  50  4:07  Armory  
  50  4:13  Medivac  
  50  4:14  Command Center  
  50  4:16  SCV x2  
  54  4:22  Hellion  
  58  4:24  Hellion  
  58  4:28  SCV x2  
  60  4:38  Supply Depot  
  60  4:48  Hellion  
  62  4:55  Cloaking Field  
  62  4:58  Terran Vehicle And Ship Armor Level 1  
  62  4:59  Refinery, Banshee  
  62  5:00  Refinery, SCV x2, Hellion  
  62  5:02  Supply Depot  
  67  5:09  Hellion  
  67  5:12  SCV  
  70  5:24  SCV, Hellion  
  73  5:30  Hellion  
  73  5:33  SCV  
  70  5:36  SCV  
  67  5:45  Banshee, Hellion  
  67  5:46  SCV  
  67  5:48  Orbital Command, SCV  
  67  5:49  Factory  
  63  5:51  Factory  
  63  5:52  Hellion  
  63  5:55  Barracks Tech Lab  
  65  5:58  SCV  
  65  6:00  SCV  
  67  6:06  Orbital Command  
  67  6:07  Hellion  
  67  6:10  Engineering Bay, SCV  
  70  6:13  Hellion  
  72  6:23  SCV x2  
  72  6:27  Barracks Reactor  
  72  6:31  Hellion, Supply Depot x2  
  72  6:32  Supply Depot  
  74  6:34  Hellion  
  74  6:37  SCV x3  
  79  6:42  Mag-Field Accelerator, Cyclone x2, Infernal Pre-Igniter  
  85  6:49  SCV x2  
  85  6:53  Hellion  
  89  6:54  SCV  
  89  6:56  Hellion, Factory x2  
  89  6:59  Refinery  
  92  7:01  SCV x2  
  92  7:06  Refinery  
  94  7:10  Supply Depot x2  
  94  7:12  SCV  
  94  7:13  SCV  
  96  7:17  Hellion  
  96  7:18  Hellion, Cyclone x2, SCV  
  107  7:24  SCV  
  107  7:26  SCV  
  109  7:33  SCV  
  109  7:36  SCV  
  111  7:39  Command Center  
  111  7:40  Hellion x2  
  111  7:43  Viking  
  111  7:47  SCV, Supply Depot  
  111  7:48  SCV x2, Supply Depot  
  111  7:50  Cyclone  
  117  7:54  Sensor Tower, Hellion  
  117  7:55  Factory Tech Lab  
  117  7:56  Hellion  
  121  8:01  Cyclone  
  121  8:02  Hellion  
  126  8:05  Terran Vehicle And Ship Armor Level 2  
  124  8:15  Cyclone  
  124  8:19  Hellion x2  
  128  8:22  Cyclone  
  131  8:27  Supply Depot  
  131  8:28  SCV x2  
  131  8:33  Cyclone  
  140  8:34  Starport Reactor, Hellion x2  
  136  8:47  Cyclone  
  136  8:48  Hellion x2  
  141  8:53  Liberator x2  
  141  8:54  Cyclone  
  142  8:58  Hellion x2  
  143  9:05  Cyclone  
  143  9:09  Hellion  
  144  9:12  SCV x3  
  144  9:15  Hellion  
  151  9:19  Cyclone  
  151  9:22  Hellion x2  
  134  9:32  Orbital Command, Sensor Tower  
  134  9:34  Hellion x2  
  134  9:36  Liberator  
  136  9:39  Liberator, Cyclone, Supply Depot  
  136  9:41  SCV x3, Supply Depot  
  136  9:43  Supply Depot  
  144  10:00  Hellion x2  
  144  10:02  SCV x4  
  152  10:13  Hellion x2  
  157  10:18  Command Center  
  144  10:31  SCV x4  
  144  10:32  Refinery  
  144  10:34  Refinery  
  124  11:08  SCV x3  
  116  11:17  Command Center  
  114  11:18  Supply Depot x2  
Tags
 
Add a new tag
Caveats
  • Supply blocks, unpowered buildings, or Contaminate may cause inaccurate times.
  • Supply counts are checked every 10 seconds.